cohdb
Replays
Latest Replays
All Replays
Popular Replays
Top Player Replays
Match Explorer
How It Works
Community
CoH3 Stats
Reddit
Sign in to upload your games and track your stats! →
Sign in with Steam
Match 45523192
Unlisted
Match 45523192
Overview
Messages
Build Orders
End
Kradschützen Motorcycle Team
Panzergrenadier Squad
250 Light Carrier
Panzergrenadier Squad
Panzergrenadier Squad
Construct Light Support Kompanie
Fire Support Elements
Pak 38 Mechanized Group
Selects Battlefield Espionage Battlegroup
Selects Battlefield Espionage Battlegroup
Selects Intel Disruption Beacon
Combat Half-tracks
Selects 250/3 Funkpanzerwagen
Construct Panzerarmee Kommand
Veteran Squad Leaders
2.5-tonne Medical Truck
Pak 38 Anti-tank Gun Team
Selects Anti-Tank Incendiary Munitions
Construct Panzerarmee Kommand
Panzer III L Medium Tank
Panzer III L Medium Tank
Selects Operation Skorpion
Panzer III L Medium Tank
Panzerpioneer Squad
Walking Stuka Rocket Launcher
Pak 38 Mechanized Group
Operation Skorpion
Kanade
C. Troy
DrewP
Dillbro
0
0
Comments
sign in to comment!
No comments posted yet!